 Seeded DCSS version 0.30-a0-528-g8c47a4955b (webtiles) character file.

Game seed: 7827810942158885341 (custom seed)

4 lotusamurai3 the Covered (level 1, 14/14 HPs)
             Began as a Tengu Fighter on Dec 24, 2022.
             Quit the game on level 1 of the Dungeon.
             The game lasted 00:00:16 (67 turns).

lotusamurai3 the Covered (Tengu Fighter)              Turns: 67, Time: 00:00:17

Health: 14/14      AC:  6    Str: 16    XL:     1   Next: 60%
Magic:  2/2        EV:  8    Int:  8    God:
Gold:   0          SH:  4    Dex: 13    Spells: 0/0 levels left

rFire   . . .      SeeInvis .    a - +0 long sword
rCold   . . .      Faith    .    c - +0 buckler
rNeg    . . .      Spirit   .    b - +0 scale mail
rPois   .          Reflect  .    (helmet restricted)
rElec   .          Harm     .    (no cloak)
rCorr   .          Rampage  .    (no gloves)
Will    .....                    (boots unavailable) Stlth
                                 (no amulet)
HPRegen 0.22/turn                (no ring)
MPRegen 0.08/turn                (no ring)

@: no status effects
A: beak, talons 3
a: no special abilities


You were on level 1 of the Dungeon.
You visited 1 branch of the dungeon, and saw 1 of its levels.

Inventory:

Hand Weapons
 a - a +0 long sword (weapon)
Armour
 b - a +0 scale mail (worn)
 c - a +0 buckler (worn)
Scrolls
 e - a scroll of acquirement
Potions
 d - a potion of might


   Skills:
 + Level 3.0 Fighting
 + Level 2.3 Long Blades
 + Level 3.3 Armour
 + Level 3.0 Shields


You couldn't memorise any spells.
You didn't know any spells.
Your spell library was empty.

Dungeon Overview and Level Annotations

Branches:
Dungeon (1/15)

Altars:


Innate Abilities, Weirdness & Mutations

You have a beak for a mouth.
You have claws for feet.


Message History

Sorry, you're not good enough to have a special ability.
Unknown command.
The frilled lizard bites you but does no damage.
You closely miss the frilled lizard.
The frilled lizard bites you but does no damage.
You hit the frilled lizard but do no damage.
The frilled lizard bites you but does no damage.
You hit the frilled lizard.
The frilled lizard is heavily wounded.
You block the frilled lizard's attack. The frilled lizard closely misses you.
You closely miss the frilled lizard.
The frilled lizard is heavily wounded.
You block the frilled lizard's attack.
You closely miss the frilled lizard. You peck the frilled lizard.
You kill the frilled lizard!
No target in view!
No target in view!
e - a scroll labelled DANLOS IDAIDYTH
There is a shaft here.
An endoplasm and a frilled lizard come into view.
The endoplasm quivers.
The frilled lizard hisses angrily.
A hobgoblin comes into view.
The hobgoblin shouts!
You hit the frilled lizard.
You kill the frilled lizard!
The hobgoblin hits you but does no damage.
You barely miss the hobgoblin. You peck the hobgoblin.
The hobgoblin is severely wounded.
The hobgoblin closely misses you.
You hit the hobgoblin.
You kill the hobgoblin!
The endoplasm closely misses you.
You slash the endoplasm!
You kill the endoplasm!
No target in view!
No target in view!
This is a scroll of acquirement!
Unknown command.
Are you sure you want to abandon this character and quit the game? (Confirm with "yes".)

≈≈≈≈§#.... ≈≈≈§§#.... #.
.≈≈§§#... #######..
...≈≈#... #........
....≈#..########........
....≈#..#.....^.........
8..###....#####.....$...
...#K#..### ###........
######..# #..@.......
...##...# #.#†.......
...##..## #..........
.###...# #.#........
##.....# ###...........
......##...... .##.#####
.#........>..# # .#
.####........ .# .#
#........


There were no monsters in sight!

Vanquished Creatures
  An endoplasm (D:1)
  A hobgoblin (D:1)
  2 frilled lizards (D:1)
4 creatures vanquished.

Notes
Turn   | Place    | Note
-------+----------+-------------------------------------------
     0 | D:1      | lotusamurai3 the Tengu Fighter began the quest for the Orb.
     0 | D:1      | Reached XP level 1. HP: 14/14 MP: 2/2
    67 | D:1      | Identified a scroll of acquirement
    67 | D:1      | Quit the game

Illustrated notes

Levels and vault maps discovered:
D:1:      lordsloth_arrival_two_stooges, layout_rooms

Action                   || total
-------------------------++-------
Melee: Long sword        ||     9
       Peck              ||     2
Armor: Scale mail        ||     4
Dodge: Dodged            ||     3
Block: Buckler           ||     2

Table legend: (Time is in decaauts)
 A = Elapsed time spent in this place.
 B = Non-inter-level travel time spent in this place.
 C = Inter-level travel time spent in this place.
 D = Time resting spent in this place.
 E = Time spent auto-exploring this place.
 F = Levels seen in this place.
 G = Mean time per level.
                   A        B        C        D        E       F      G
               +--------+--------+--------+--------+--------+-----+--------+
         Total |     70 |     70 |      0 |      0 |     36 |   1 |   70.0 |
       Dungeon |     70 |     70 |      0 |      0 |     36 |   1 |   70.0 |
               +--------+--------+--------+--------+--------+-----+--------+

Top non-repeatable levels by time:
     D:1: 70 daAuts
